 Dungeon Crawl Stone Soup version 0.28-a0-511-gcc94558de3 (webtiles) character file.

Game seed: 16313781852015195353

10427 demibob the Grappler (level 11, -9/75 HPs)
             Began as a Troll Chaos Knight on Sept 22, 2021.
             Was a Plaything of Xom.
             Killed from afar by an oklob plant (24 damage)
             ... with a splash of acid
             ... on level 1 of the Lair of Beasts.
             The game lasted 00:27:10 (8038 turns).

demibob the Grappler (Troll Chaos Knight)           Turns: 8038, Time: 00:27:12

Health: -9/75      AC:  2    Str: 22    XL:     11   Next: 36%
Magic:  10/10      EV: 10    Int:  8    God:    Xom [*.....]
Gold:   282        SH: 16    Dex: 16    Spells: 10/10 levels left

rFire   . . .      SeeInvis +     - Unarmed
rCold   . . .      Faith    .   c - +0 kite shield
rNeg    + . .      Spirit   .   g - +2 robe {rN+}
rPois   .          Reflect  +   q - +1 hat {SInv}
rElec   .          Harm     .   y - +0 cloak
rCorr   .          Rampage  .   (gloves unavailable)
Will    +....                   (boots unavailable)
Stlth   +.........              n - amulet of reflection
HPRegen 1.22/turn               r - ring "Ywomniub" {Fly Will+ Int+2 Dex+4}
MPRegen 0.12/turn               (no ring)

@: corroded, flying
A: large, unfitting armour, claws 3, regeneration 1, shaggy fur 1, tough skin 1,
iridescent scales 1, dopey 1, frail 2
a: Renounce Religion


You were on level 1 of the Lair of Beasts.
You worshipped Xom.
You were a special plaything of Xom.
You visited 2 branches of the dungeon, and saw 11 of its levels.
You also visited: Sewer.

You collected 1917 gold pieces.
You spent 1635 gold pieces at shops.


Innate Abilities, Weirdness & Mutations

You are too large for most types of armour.
You have claws for hands.
Your natural rate of healing is unusually fast.
You are covered in fur. (AC +1)
You have tough skin. (AC +1)
You are partially covered in iridescent scales. (AC +2)
You are dopey. (Int -2)
You are very frail. (-20% HP)


   Skills:
 - Level 2.4 Fighting
 + Level 5.4 Throwing
 - Level 1.9 Dodging
 - Level 9.0 Shields
 + Level 13.1 Unarmed Combat
 - Level 5.1 Evocations


You had 10 spell levels left.
You didn't know any spells.
Your spell library contained the following spells:

 Spells                   Type           Power      Damage    Failure   Level
 Animate Skeleton         Necr           0%         N/A       41%         1
 Apportation              Tloc           0%         N/A       41%         1
 Beastly Appendage        Tmut           0%         N/A       41%         1
 Magic Dart               Conj           0%         1d3       41%         1
 Pain                     Necr           0%         1d4       41%         1
 Sandblast                Erth           0%         2d4       41%         1
 Summon Small Mammal      Summ           0%         N/A       41%         1
 Corpse Rot               Necr/Air       N/A        N/A       54%         2
 Passwall                 Tmut/Erth      0%         N/A       54%         2
 Searing Ray              Conj           0%         2d4       54%         2
 Wereblood                Tmut           0%         N/A       54%         2
 Dazzling Flash           Conj/Hex       0%         N/A       78%         3
 Spider Form              Tmut/Pois      0%         N/A       78%         3
 Stone Arrow              Conj/Erth      0%         3d7       78%         3
 Vampiric Draining        Necr           0%         2d6       78%         3
 Animate Armour           Summ/Erth      0%         N/A       99%         4
 Dispel Undead            Necr           0%         3d6       99%         4
 Fulminant Prism          Conj/Hex       0%         3d6       99%         4
 Iskenderun's Mystic Bla  Conj/Tloc      0%         2d3       99%         4
 Passage of Golubria      Tloc           N/A        N/A       99%         4
 Alistair's Intoxication  Tmut/Pois      0%         N/A       100%        5
 Blade Hands              Tmut           0%         N/A       100%        5
 Borgnjor's Vile Clutch   Necr/Erth      0%         N/A       100%        5
 Silence                  Hex/Air        0%         N/A       100%        5
 Death Channel            Necr           0%         N/A       100%        6
 Eringya's Noxious Bog    Tmut/Pois      0%         N/A       100%        6
 Invisibility             Hex            0%         N/A       100%        6
 Iron Shot                Conj/Erth      0%         9d1       100%        6
 Lehudib's Crystal Spear  Conj/Erth      0%         10d2      100%        8
 Summon Horrible Things   Summ           0%         N/A       100%        8

Inventory:

Hand Weapons
 C - a +2 scimitar of flaming
Missiles
 p - 4 large rocks (quivered) {=f}
 s - 13 poisoned darts
 t - 3 atropa-tipped darts
Armour
 c - a +0 kite shield (worn)
 g - a +2 robe of positive energy (worn)
 q - a +1 hat of see invisible (worn)
 y - a +0 cloak (worn)
Jewellery
 n - an amulet of reflection (around neck)
 r - the ring "Ywomniub" (left claw) {Fly Will+ Int+2 Dex+4}
   (You found it on level 7 of the Dungeon)

   [ring of willpower]

   Int:       It affects your intelligence (+2).
   Dex:       It affects your dexterity (+4).
   Fly:       It grants you flight.
   Will:      It increases your willpower.
 v - a ring of see invisible
 F - a ring of fire
Wands
 f - a wand of iceblast (30)
 i - a wand of polymorph (11)
 w - a wand of flame (14)
Scrolls
 a - 4 scrolls of teleportation {@r2}
 e - a scroll of enchant armour
 m - 2 scrolls of enchant weapon
 u - a scroll of blinking
 B - 2 scrolls of magic mapping
Potions
 b - a potion of ambrosia
 d - 2 potions of lignification
 h - 3 potions of brilliance
 j - 4 potions of berserk rage {!q}
 k - a potion of might
 l - a potion of magic
 o - 2 potions of flight
 z - 3 potions of haste {@q3}
 D - a potion of curing {@q1}
Miscellaneous
 A - a phial of floods (inert)

Dungeon Overview and Level Annotations

Branches:
Dungeon (10/15)            Temple (0/1) D:7            Lair (1/6) D:10
  Sewer (visited)
    Orc: D:9-12

Altars:
Cheibriados
Hepliaklqana
Uskayaw
Xom
Zin

Shops:
D:5 ?   D:7 (   D:8 :(=**

Annotations:
D:3 1 runed translucent door, Crazy Yiuf
Lair:1 exclusion: 4 oklob plants ######## #PPPPPP#

#≈≈≈≈≈≈#
#≈....≈#
###......#
#).......###
#(.......@.#
#?.......#.#
###......#...
#≈....≈#P##..
#≈≈≈≈≈≈### .#


#PPPPPP# # ######## You could see 4 oklob plants.


Message History

An oklob plant comes into view.
Found 16 bolts and 3 scrolls of identify.
As you read the scroll of blinking, it crumbles to dust.
The oklob plant spits acid at you. The splash of acid hits you!
Marking area around an oklob plant as unsafe for travelling.
Press: ? - help, v - describe, . - travel, g - get item Item here: a +5 fustibalus of freezing.
The floor.
Blink to where?
Press: ? - help, Dir - move target An oklob plant comes into view.
As you read the scroll of blinking, it crumbles to dust.
You hear an angry buzzing noise. x2
Marking area around an oklob plant as unsafe for travelling.
You reach down and open the door.
The oklob plant spits acid at you. The splash of acid hits you!
The acid corrodes you! The oklob plant spits acid at you.
The splash of acid hits you!!
* * * LOW HITPOINT WARNING * * *
The acid corrodes you! The oklob plant spits acid at you.
The splash of acid hits you!
* * * LOW HITPOINT WARNING * * *
You hear an angry buzzing noise.
The oklob plant spits acid at you. The splash of acid hits you!!
You die...
Xom laughs nastily!

Skill      XL: |  1  2  3  4  5  6  7  8  9 10 11 |
---------------+----------------------------------+-----
Unarmed Combat | 4 5 6 7 10 11 12 13 | 13.1
Shields        | 2 6 7 8 9 |  9.0
Evocations     | 5 |  5.1
Throwing       | 3 5 |  5.4
Fighting       | |  2.4
Dodging        | |  1.9

Action                   |  1- 3 |  4- 6 |  7- 9 | 10-12 || total
-------------------------+-------+-------+-------+-------++-------
Melee: Unarmed           |    67 |   248 |   188 |   268 ||   771
Throw: Large rock        |       |       |       |     2 ||     2
Evoke: Wand              |       |     2 |    11 |     3 ||    16
       Phial of floods   |       |       |       |     1 ||     1
  Use: Potion            |     1 |     2 |     4 |     2 ||     9
       Scroll            |     1 |     4 |    10 |     7 ||    22
 Stab: Sleeping          |     2 |     1 |     1 |     1 ||     5
       Invisible         |     1 |       |       |     1 ||     2
       Paralysed         |       |       |       |     2 ||     2
Armor: Robe              |    20 |    87 |    39 |    30 ||   176
Dodge: Dodged            |    20 |    74 |    37 |    53 ||   184
Block: Kite shield       |       |    46 |    56 |   120 ||   222
       Reflection        |       |       |       |     1 ||     1

Levels and vault maps discovered:
D:1:      dpeg_arrival_stonehenge_8_columns, layout_loops_ring,
          chequers_ecumenical_altar_island
D:2:      layout_basic, uniq_sigmund, uniq_jessica, uniq_robin
D:3:      layout_basic, portal_sewer_entry_f, uniq_ijyb, uniq_crazy_yiuf_cottage
D:4:      minmay_spotlight, layout_loops_ring, mainiacjoe_overflow_alcove_3
D:5:      layout_cave_pools, serial_shops, shop, serial_bayou_pond_b
D:6:      layout_basic
D:7:      lemuel_ice_spiral_2, layout_basic, minmay_temple_entry_tees,
          serial_shops, nicolae_lakefront_shop, hangedman_decor_slide_cut,
          uniq_joseph
D:8:      layout_loops_ring, serial_shops, shop, shop, nicolae_shop_stone,
          nicolae_square_shop, kennysheep_mini_moat, hangedman_decor_growths,
          uniq_grum
D:9:      layout_loops_ring, uniq_erica
D:10:     layout_roguey, dpeg_oklobed_lair, erik_orc_1,
          nicolae_trove_entry_diagonal, uniq_maurice
Lair:1:   dpeg_oklob_gauntlet, layout_small_grid, special_room
          [special_room_bee], st_stairs_13

Notes
Turn   | Place    | Note
-------+----------+-------------------------------------------
     0 | D:1      | demibob the Troll Chaos Knight began the quest for the Orb.
     0 | D:1      | Reached XP level 1. HP: 22/22 MP: 0/0
    18 | D:1      | XOM: potion effect (invisibility)
    74 | D:1      | Reached XP level 2. HP: 29/29 MP: 1/1
   108 | D:1      | Found a faded altar of an unknown god.
   120 | D:1      | XOM: potion effect (curing)
   231 | D:1      | Reached skill level 4 in Unarmed Combat
   456 | D:1      | Reached XP level 3. HP: 35/36 MP: 2/2
   622 | D:2      | XOM: noise
   653 | D:2      | Noticed an ogre
   669 | D:2      | Killed an ogre
   670 | D:2      | Reached skill level 5 in Unarmed Combat
   670 | D:2      | Reached XP level 4. HP: 44/44 MP: 3/3
   880 | D:2      | Noticed Jessica
   884 | D:2      | Killed Jessica
   885 | D:2      | Reached XP level 5. HP: 44/50 MP: 4/4
  1043 | D:2      | XOM: potion effect (brilliance)
  1092 | D:2      | Noticed Robin
  1107 | D:2      | Reached skill level 6 in Unarmed Combat
  1117 | D:2      | Killed Robin
  1380 | D:2      | Noticed Sigmund
  1509 | D:3      | Noticed Ijyb
  1509 | D:3      | XOM: 5-stop teleportation journey
  1514 | D:3      | XOM: enchant monster (bad)
  1522 | D:3      | Killed Ijyb
  1523 | D:3      | Reached XP level 6. HP: 19/59 MP: 5/5
  1651 | D:3      | Found a glowing drain.
  1655 | D:3      | Reached skill level 1 in Shields
  1673 | Sewer    | Entered a sewer
  1934 | Sewer    | Reached skill level 7 in Unarmed Combat
  2033 | D:3      | Reached skill level 2 in Shields
  2101 | D:3      | XOM: summons 4 hostile shadow creatures
  2366 | D:3      | Found a runed translucent door.
  2367 | D:3      | Noticed Crazy Yiuf
  2662 | D:4      | XOM: chaos cloud
  2706 | D:4      | Reached XP level 7. HP: 66/66 MP: 6/6
  2760 | D:4      | XOM: 2-stop teleportation journey
  2997 | D:4      | XOM: cloud trail
  3010 | D:4      | Found a hide-covered altar of Uskayaw.
  3016 | D:4      | Found a glowing silver altar of Zin.
  3017 | D:4      | Found a hazy altar of Hepliaklqana.
  3018 | D:4      | Found a snail-covered altar of Cheibriados.
  3088 | D:4      | XOM: divination: magic mapping
  3100 | D:4      | XOM: god gift: 25 gold pieces
  3107 | D:4      | XOM: divination: magic mapping
  3267 | D:4      | XOM: torment (34/66 hp)
  3327 | D:2      | XOM: swap monsters
  3343 | D:2      | Killed Sigmund
  3344 | D:2      | Reached skill level 3 in Shields
  3380 | D:2      | Identified a scroll of acquirement
  3380 | D:2      | Acquired 1155 gold pieces
  3588 | D:2      | XOM: noise
  3689 | D:5      | Entered Level 5 of the Dungeon
  3693 | D:5      | XOM: enchant monster (bad)
  3694 | D:5      | Found Dulyzov's Magic Scroll Shoppe.
  3694 | D:5      | XOM: 6-stop teleportation journey
  3695 | D:5      | You fall into a shaft and drop 3 floors!
  3706 | D:7      | Noticed a wraith
  3707 | D:7      | Gained mutation: Your flesh is cold resistant. (rC+)
                  | [potion of mutation]
  3707 | D:7      | Gained mutation: You are partially covered in iridescent
                  | scales. (AC +2) [potion of mutation]
  3707 | D:7      | XOM: scenery: create altars
  3715 | D:7      | Killed a wraith
  3716 | D:7      | Reached skill level 8 in Unarmed Combat
  3755 | D:7      | Identified a potion of experience
  3756 | D:7      | Reached skill level 6 in Shields
  3756 | D:7      | Reached skill level 10 in Unarmed Combat
  3756 | D:7      | Reached skill level 5 in Evocations
  3756 | D:7      | Reached XP level 8. HP: 74/74 MP: 7/7
  3828 | D:5      | Bought a scroll of teleportation for 42 gold pieces
  3828 | D:5      | Bought a scroll of teleportation for 42 gold pieces
  3917 | D:5      | Reached skill level 7 in Shields
  3923 | D:5      | XOM: potion effect (haste)
  3944 | D:5      | XOM: polymorph scorpion -> ogre
  3977 | D:5      | Reached XP level 9. HP: 62/80 MP: 8/8
  4502 | D:6      | Reached skill level 11 in Unarmed Combat
  4528 | D:6      | XOM: give mutation
  4528 | D:6      | Gained mutation: You are clumsy. (Dex -2) [Xom's mischief]
  4935 | D:7      | XOM: enchant monster (bad)
  5118 | D:7      | Got the Reference Book on Creative Confrontation
  5200 | D:7      | Found a staircase to the Ecumenical Temple.
  5244 | D:7      | Noticed Joseph
  5298 | D:7      | Identified the ring "Ywomniub" {Fly Will+ Int+2 Dex+4}
  5303 | D:7      | Found Ropowne's Antique Weapon Emporium.
  5460 | D:7      | XOM: enchant monster (bad)
  5463 | D:7      | XOM: cast spell 'Olgreb's Toxic Radiance'
  5468 | D:7      | XOM: cast spell 'Summon Mana Viper'
  5473 | D:7      | Killed Joseph
  5622 | D:8      | Noticed a cyclops
  5639 | D:8      | Killed a cyclops
  5640 | D:8      | Reached skill level 8 in Shields
  5683 | D:8      | Reached XP level 10. HP: 88/88 MP: 9/9
  5688 | D:8      | Reached skill level 1 in Throwing
  5772 | D:8      | Found Bunegh's General Store.
  5780 | D:8      | Bought 13 poisoned darts for 72 gold pieces
  5780 | D:8      | Bought 3 atropa-tipped darts for 25 gold pieces
  5780 | D:8      | Bought a scroll of blinking for 105 gold pieces
  5780 | D:8      | Bought a scroll of magic mapping for 49 gold pieces
  5780 | D:8      | Bought a wand of flame (16) for 126 gold pieces
  5806 | D:8      | Noticed Grum
  5811 | D:8      | Killed Grum
  5812 | D:8      | Reached skill level 12 in Unarmed Combat
  5816 | D:8      | XOM: noise
  5818 | D:8      | XOM: cast spell 'Olgreb's Toxic Radiance'
  5819 | D:8      | Reached skill level 2 in Throwing
  5822 | D:8      | Paralysed by a hornet for 1 turns
  5847 | D:8      | XOM: enchant monster (bad)
  5849 | D:8      | XOM: enchant monster (good)
  5890 | D:8      | Found Anoqi's General Store.
  5898 | D:8      | Bought a potion of might for 56 gold pieces
  5898 | D:8      | Bought a potion of haste for 140 gold pieces
  5898 | D:8      | Bought a scroll of identify for 28 gold pieces
  5898 | D:8      | Bought a phial of floods for 560 gold pieces
  5933 | D:8      | Found Gokem's Jewellery Boutique.
  5936 | D:8      | Bought an amulet of reflection for 390 gold pieces
  5996 | D:8      | Found Dotautse's Weapon Emporium.
  6039 | D:8      | XOM: divination: detect items
  6290 | D:8      | Found Ybefa's Book Shoppe.
  6407 | D:8      | XOM: give mutations
  6407 | D:8      | Lost mutation: Your flesh is cold resistant. (rC+) [Xom's
                  | mischief]
  6407 | D:8      | Gained mutation: You are frail. (-10% HP) [Xom's mischief]
  6407 | D:8      | Gained mutation: You are dopey. (Int -2) [Xom's mischief]
  6407 | D:8      | Lost mutation: You are clumsy. (Dex -2) [Xom's mischief]
  6504 | D:9      | XOM: fog
  6505 | D:9      | XOM: cleaving
  6591 | D:9      | Noticed Erica
  6594 | D:9      | XOM: summons 5 friendly demons
  6605 | D:9      | Killed Erica
  6606 | D:9      | Reached skill level 3 in Throwing
  6800 | D:9      | XOM: smoke on damage
  7166 | D:10     | Entered Level 10 of the Dungeon
  7166 | D:10     | Noticed Maurice
  7167 | D:10     | Noticed Maurice
  7167 | D:10     | Maurice changed into Maurice the ogre
  7171 | D:10     | Killed Maurice the ogre
  7281 | D:10     | Found a staircase to the Lair.
  7316 | D:10     | XOM: destruction
  7319 | D:10     | XOM: potion effect (curing)
  7329 | D:10     | Reached skill level 9 in Shields
  7329 | D:10     | Reached XP level 11. HP: 84/84 MP: 10/10
  7331 | D:10     | XOM: god gift: 47 gold pieces
  7375 | D:10     | Reached skill level 4 in Throwing
  7376 | D:10     | XOM: cleaving
  7378 | D:10     | XOM: cleaving
  7381 | D:10     | XOM: cast spell 'Discord'
  7611 | D:10     | XOM: divine lightning
  7786 | D:10     | XOM: god gift: runed hand axe {god gift}
  7904 | Lair:1   | Entered Level 1 of the Lair of Beasts
  7914 | Lair:1   | Reached skill level 5 in Throwing
  7914 | Lair:1   | Reached skill level 13 in Unarmed Combat
  7934 | Lair:1   | XOM: scenery: summon butterflies
  7942 | Lair:1   | XOM is BORED!
  7942 | Lair:1   | XOM: give mutations
  7942 | Lair:1   | Gained mutation: You are very frail. (-20% HP) [Xom's
                  | mischief]
  7994 | Lair:1   | XOM: confusion (+ monsters)
  8034 | Lair:1   | Noticed an oklob plant
  8034 | Lair:1   | Noticed an oklob plant
  8034 | Lair:1   | XOM: 1-stop teleportation journey
  8035 | Lair:1   | Noticed an oklob plant
  8036 | Lair:1   | Noticed an oklob plant
  8038 | Lair:1   | Killed from afar by an oklob plant

Vanquished Creatures
  Erica (D:9)
  A cyclops (D:8)
  Joseph (D:7)
  A black mamba (Lair:1)
  A cane toad (Lair:1)
  A komodo dragon (Lair:1)
  A hornet (D:8)
  3 shadows
  Sigmund (D:2)
  A wraith (D:7)
  13 yaks
  2 steam dragons (D:7)
  Grum (D:8)
  An ice beast (D:7)
  A hornet zombie (D:8)
  2 orc warriors
  7 ogres
  6 wolves
  2 necrophages
  A centaur (D:10)
  A phantom (D:6)
  A kobold brigand (D:8)
  2 bullfrogs
  A wyvern skeleton (D:7)
  8 killer bees
  11 wights
  3 howler monkeys
  A bullfrog zombie (D:6)
  4 centaur zombies
  2 hounds
  3 orc priests
  A gnoll shaman (D:5)
  Ijyb (D:3)
  Jessica (D:2)
  3 iguanas
  6 orc wizards
  2 howler monkey zombies
  Robin (D:2)
  7 gnolls
  9 adders
  2 white imps (D:6)
  An adder skeleton (D:4)
  3 worms
  3 dart slugs
  18 orcs
  19 endoplasms
  17 giant cockroaches
  16 goblins
  5 hobgoblins
  4 jackals (D:1)
  8 kobolds
  12 quokkas
  23 ball pythons
  4 bats
  15 frilled lizards
  6 rats
272 creatures vanquished.

Vanquished Creatures (collateral kills)
  3 yaks (D:10)
3 creatures vanquished.

Vanquished Creatures (others)
  A dancing weapon (D:7)
  A killer bee (D:10)
  A fungus (Lair:1)
  3 plants
6 creatures vanquished.

Grand Total: 281 creatures vanquished

Table legend: (Time is in decaauts)
 A = Elapsed time spent in this place.
 B = Non-inter-level travel time spent in this place.
 C = Inter-level travel time spent in this place.
 D = Time resting spent in this place.
 E = Time spent auto-exploring this place.
 F = Levels seen in this place.
 G = Mean time per level.
                   A        B        C        D        E       F      G
               +--------+--------+--------+--------+--------+-----+--------+
         Total |   8023 |   7630 |    393 |    183 |   5472 |  12 |  668.6 |
       Dungeon |   7526 |   7133 |    393 |    131 |   5336 |  10 |  752.6 |
          Lair |    127 |    127 |      0 |     52 |     32 |   1 |  127.0 |
         Sewer |    369 |    369 |      0 |      0 |    104 |   1 |  369.0 |
               +--------+--------+--------+--------+--------+-----+--------+

Top non-repeatable levels by time:
     D:2: 1112 daAuts
     D:3: 954 daAuts
     D:8: 845 daAuts
     D:7: 776 daAuts
    D:10: 713 daAuts
     D:9: 707 daAuts
     D:4: 687 daAuts
     D:1: 632 daAuts
     D:5: 574 daAuts
     D:6: 522 daAuts
   Sewer: 369 daAuts
  Lair:1: 127 daAuts

Table legend:
 A = Non-vault XP
 B = Vault XP
 C = Vault XP percentage of total XP
 D = Non-vault monster count
 E = Vault monster count
 F = Vault count percentage of total count
                 A         B        C        D         E       F
            +---------+---------+-------+---------+---------+-------
      Total |   11065 |    2630 |  19.2 |     190 |      85 |  30.9
            +---------+---------+-------+---------+---------+-------
        D:1 |      46 |       0 |   0.0 |      29 |       0 |   0.0
        D:2 |     205 |     296 |  59.1 |      22 |      15 |  40.5
        D:3 |      68 |      50 |  42.4 |      20 |       7 |  25.9
        D:4 |     149 |      52 |  25.9 |      12 |       4 |  25.0
        D:5 |     483 |      82 |  14.5 |       9 |       4 |  30.8
        D:6 |     494 |       0 |   0.0 |      13 |       0 |   0.0
        D:7 |    1153 |     493 |  30.0 |      14 |       1 |   6.7
        D:8 |    2636 |     524 |  16.6 |      19 |       4 |  17.4
        D:9 |    1286 |     823 |  39.0 |      18 |       1 |   5.3
       D:10 |    2994 |     121 |   3.9 |      28 |       1 |   3.4
     Lair:1 |    1551 |       0 |   0.0 |       6 |       0 |   0.0
      Sewer |       0 |     189 | 100.0 |       0 |      48 | 100.0
            +---------+---------+-------+---------+---------+-------
